 Dungeon Sprint DCSS version 0.28.0-43-g3370ac3207 (webtiles) character file.

Game seed: 8768706187079908555

449 Mitsuki the Protected (level 6, -1/64 HPs)
             Began as a Minotaur Fighter on Mar 12, 2022.
             Slain by Sonja
             ... wielding a +0 dagger of venom
              (2 damage)
             ... in the Dungeon (Sprint I: "Red Sonja").
             The game lasted 00:01:52 (852 turns).

Mitsuki the Protected (Minotaur Fighter)             Turns: 852, Time: 00:01:53

Health: -1/64      AC:  8    Str: 23    XL:     6   Next: 74%
Magic:  5/5        EV:  9    Int:  5    God:
Gold:   172        SH:  6    Dex:  9    Spells: 5/5 levels left

rFire   . . .      SeeInvis .   a - +0 long sword
rCold   . . .      Faith    .   c - +0 buckler
rNeg    . . .      Spirit   .   b - +0 scale mail
rPois   .          Reflect  .   (helmet restricted)
rElec   .          Harm     .   (no cloak)
rCorr   .          Rampage  .   (no gloves)
Will    .....      NoTele   +   (no boots)
Stlth   ..........              (no amulet)
HPRegen 0.20/turn               (no ring)
MPRegen 0.09/turn               (no ring)

@: mighty, lethally poisoned (-1 -> -34), on berserk cooldown, slowed, very slow
A: horns 2, retaliatory headbutt
a: no special abilities


You were in the Dungeon.
You visited 1 branch You collected 172 gold pieces.

Inventory:

Hand Weapons
 a - a +0 long sword (weapon)
Armour
 b - a +0 scale mail (worn)
 c - a +0 buckler (worn)
Jewellery
 l - a ring of willpower
Wands
 k - a wand of flame (25)
Scrolls
 j - a scroll of blinking
Potions
 e - a potion of curing
 f - a potion of heal wounds
 g - a potion of haste
 h - 2 potions of magic


   Skills:
 + Level 9.5 Fighting
 + Level 9.0 Long Blades
 + Level 9.5 Armour
 + Level 9.4 Shields


You had 5 spell levels left.
You didn't know any spells.
Your spell library was empty.

Dungeon Overview and Level Annotations

Branches:
Dungeon (1/1)

Altars:
Fedhas
Hepliaklqana
Qazlal
Sif Muna
Trog
Uskayaw
Vehumet
Wu Jian

Shops:
D :

Annotations:
D Sonja


Innate Abilities, Weirdness & Mutations

You have a pair of horns on your head.
You reflexively headbutt those who attack you in melee.


Message History

You regained 3 hp, and now have 67/96 hp.
You slash the ballistomycete spore!
The ballistomycete spore explodes!
The explosion of spores engulfs you.
You are confused.
You take 5 damage, and have 62/96 hp.
You bump into the rock wall.
Sonja throws a curare-tipped dart.
The curare-tipped dart hits you.
You are poisoned.
You have difficulty breathing.
You feel yourself slow down.
You take 9 damage, and have 53/96 hp.
You feel a strong urge to attack something.
You feel very sick.
You take 4 damage, and have 49/96 hp.
You feel very sick.
Sonja hits you with a +0 dagger of venom.
Sonja hits you but does no damage.
You are more poisoned.
Sonja hits you with a +0 dagger of venom.
You are more poisoned.
Sonja hits you with a +0 dagger of venom.
You are lethally poisoned!
Sonja hits you but does no damage.
You are more poisoned.
Sonja hits you but does no damage.
You are more poisoned.
You take 9 damage, and have 40/96 hp.
You are too berserk!
You feel your anger nearly subside.
You feel less confused.
You are no longer berserk.
You are exhausted.
You feel as though you will be slow longer.
* * * LOW HITPOINT WARNING * * *
You feel extremely sick.
You now have 14/64 hp.
You closely miss Sonja.
* * * LOW HITPOINT WARNING * * *
You feel extremely sick.
Sonja hits you with a +0 dagger of venom.
You die...

################
#<.#..)..#..'..#
#..').#..)K@#..+
#..#####'#####'#
# #..# #..# #.#
##$?# #..# ####$
##.#§§≈.c #..#
___##.#_..§§§§
#⌠⌠#
∩......._#§§§.c
####
.__##_*#+##§###
##. ?[) #. ###


You could see Sonja.

Vanquished Creatures
  Sigmund (D)
  A yak (D)
  An ogre (D)
  A jelly (D)
  Ijyb (D)
  A ballistomycete spore (D)
6 creatures vanquished.

Notes
Turn   | Place    | Note
-------+----------+-------------------------------------------
     0 | D        | Mitsuki the Minotaur Fighter began the quest for the Orb.
     0 | D        | Reached XP level 1. HP: 19/19 MP: 0/0
     1 | D        | Noticed Ijyb
    13 | D        | Killed Ijyb
    14 | D        | Reached skill level 5 in Fighting
    14 | D        | Reached skill level 5 in Armour
    14 | D        | Reached skill level 5 in Shields
    14 | D        | Reached XP level 2. HP: 7/29 MP: 1/1
   252 | D        | Noticed an ogre
   257 | D        | Killed an ogre
   258 | D        | Reached skill level 5 in Long Blades
   258 | D        | Reached XP level 3. HP: 11/38 MP: 2/2
   258 | D        | Reached XP level 4. HP: 13/45 MP: 3/3
   477 | D        | Noticed Sigmund
   488 | D        | Killed Sigmund
   489 | D        | Reached XP level 5. HP: 41/53 MP: 4/4
   569 | D        | Found a shimmering blue altar of Sif Muna.
   828 | D        | Reached XP level 6. HP: 55/62 MP: 5/5
   828 | D        | Found an ornate altar of the Wu Jian Council.
   829 | D        | Found a radiant altar of Vehumet.
   833 | D        | Found a hazy altar of Hepliaklqana.
   833 | D        | Found a hide-covered altar of Uskayaw.
   833 | D        | Noticed a yak
   834 | D        | Noticed a centaur warrior
   834 | D        | Found Kippieq's Book Emporium.
   834 | D        | Found a stormy altar of Qazlal.
   834 | D        | Found a blossoming altar of Fedhas.
   834 | D        | Found a bloodstained altar of Trog.
   834 | D        | Noticed Sonja
   835 | D        | Noticed a centaur warrior
   846 | D        | Killed a yak
   852 | D        | HP: 1/64 [poisoned by Sonja]
   852 | D        | Slain by Sonja

Illustrated notes

Levels and vault maps discovered:
D:        dungeon_sprint_1 [red_sonja_temple_1, red_sonja_temple_small_1]

Skill      XL: |  1  2  3  4  5  6 |
---------------+-------------------+-----
Fighting       | 5 6 8 9 |  9.5
Long Blades    | 4 5 7 8 9 |  9.0
Armour         | 5 6 8 9 |  9.5
Shields        | 5 6 8 9 |  9.4

Action                   |  1- 3 |  4- 6 || total
-------------------------+-------+-------++-------
Melee: Long sword        |    15 |    13 ||    28
       Headbutt          |     2 |     3 ||     5
  Use: Potion            |       |     2 ||     2
Armor: Scale mail        |     5 |     4 ||     9
Dodge: Dodged            |     2 |     4 ||     6
Block: Buckler           |     5 |     3 ||     8
